 Dungeon Crawl Stone Soup version 0.30-a0-738-g116ff8c4af (webtiles) character file.

Game seed: 858680682218202848

19298 avis the Nimble (level 12, 0/103 HPs)
             Began as a Demigod Hunter on Feb 4, 2023.
             Slain by a catoblepas (12 damage)
             ... on level 5 of the Lair of Beasts.
             The game lasted 01:26:27 (13445 turns).

avis the Nimble (Demigod Hunter)                   Turns: 13445, Time: 01:26:28

Health: 0/103      AC:  6    Str: 14    XL:     12   Next: 8%
Magic:  15/15      EV: 19    Int: 13    God:
Gold:   984        SH:  0    Dex: 45    Spells: 11/11 levels left

rFire   + . .      SeeInvis .    b - +5 scimitar
rCold   + . .      Faith    .    (no shield)
rNeg    . . .      Spirit   .    q - +1 robe "Ycrelu" {rC++ Int+2}
rPois   .          Reflect  .    I - +2 hat
rElec   .          Harm     .    (no cloak)
rCorr   .          Rampage  .    (no gloves)
Will    +....                    P - +0 pair of boots
Stlth   ++++                     (no amulet)
HPRegen 1.17/turn                e - ring of the Blind Eye {Fire Drain Str+2 Dex+6}
MPRegen 0.14/turn                O - +6 ring of dexterity

@: petrifying (expiring), very slow
A: high MP 1, forlorn, divine attributes, regeneration 1, robust 1, no potion
heal 1
a: no special abilities


You were on level 5 of the Lair of Beasts.
You visited 3 branches of the dungeon, and saw 15 of its levels.

You collected 984 gold pieces.

Inventory:

Hand Weapons
 a - a +3 sling of flaming
 b - a +5 scimitar (weapon)
 c - a +2 scimitar of electrocution
 w - a +1 short sword of draining
Armour
 q - the +1 robe "Ycrelu" (worn) {rC++ Int+2}
   (You found it on level 3 of the Dungeon)

   Int:       It affects your intelligence (+2).
   rC:        It greatly protects you from cold.
 I - a +2 hat (worn)
 P - a +0 pair of boots (worn)
Jewellery
 e - the ring of the Blind Eye (left hand) {Fire Drain Str+2 Dex+6}
   (You found it on level 7 of the Dungeon)

   [ring of fire]

   It enhances your fire magic.
   Str:       It affects your strength (+2).
   Dex:       It affects your dexterity (+6).
   rF:        It protects you from fire.
   rC:        It makes you vulnerable to cold.
   Drain:     It drains your maximum health when unequipped.
 O - a +6 ring of dexterity (right hand)
 R - a ring of see invisible
Wands
 r - a wand of charming (14)
 y - a wand of polymorph (11)
 B - a wand of roots (32)
 J - a wand of mindburst (15)
 M - a wand of quicksilver (8)
 N - a wand of flame (54)
Scrolls
 d - 3 scrolls of blinking {unknown}
 f - 2 scrolls of immolation
 g - a scroll of acquirement {unknown}
 k - 2 scrolls of magic mapping {unknown}
 l - 3 scrolls of fog {unknown}
 m - 2 scrolls of enchant armour {unknown}
 n - a scroll of noise {unknown}
 p - 5 scrolls of teleportation {unknown}
 s - a scroll of silence {unknown}
 t - 3 scrolls of amnesia {unknown}
 v - 2 scrolls of poison {unknown}
 z - a scroll of butterflies {unknown}
 Q - 2 scrolls of torment {unknown}
Potions
 h - a potion of magic
 i - 5 potions of curing
 j - 3 potions of brilliance
 o - 3 potions of might
 u - 3 potions of heal wounds
 x - 2 potions of ambrosia
 C - a potion of cancellation
 D - a potion of berserk rage
 H - 2 potions of lignification
 L - 2 potions of haste
 W - a potion of resistance


   Skills:
 - Level 5.0 Fighting
 - Level 12.0 Ranged Weapons
 * Level 14.3 Dodging
 - Level 2.0 Stealth


You had 11 spell levels left.
You didn't know any spells.
Your spell library contained the following spells:

 Spells                   Type           Power      Damage    Failure   Level
 Slow                     Hex            0%         N/A       30%         1
 Passwall                 Tmut/Erth      0%         N/A       43%         2
 Sublimation of Blood     Necr           0%         N/A       43%         2
 Confusing Touch          Hex            0%         N/A       67%         3
 Portal Projectile        Hex/Tloc       0%         N/A       67%         3
 Tukima's Dance           Hex            0%         N/A       67%         3
 Vampiric Draining        Necr           0%         2d6       67%         3
 Blade Hands              Tmut           0%         N/A       100%        5
 Iron Shot                Conj/Erth      0%         9d1       100%        6


Dungeon Overview and Level Annotations

Branches:
Dungeon (9/15)             Temple (1/1) D:6            Lair (5/5) D:9
  Swamp (0/4) Lair:3        Snake (0/4) Lair:3          Orc (0/2) D:9
  Slime: Lair:4-5

Annotations:
D:5 3 runed translucent doors, MrSquiggles's ghost, novice MiMo
Lair:3 1 runed translucent door


Innate Abilities, Weirdness & Mutations

You have an increased reservoir of magic. (+10% MP)
You shall have no god before yourself.
Your divine heritage dramatically boosts your attributes as you level up.
Your natural rate of healing is unusually fast.
You are robust. (+10% HP)
Potions are less effective at restoring your health.


Message History

You slash the catoblepas!
The catoblepas is heavily wounded.
You are engulfed in calcifying dust.
You are slowing down.
The catoblepas gores you!! The yak completely misses you.
The catoblepas closely misses you.
You hit the catoblepas.
The catoblepas is severely wounded.
You are engulfed in calcifying dust.
Your limbs have turned to stone.
The yak stops moving altogether!
The catoblepas gores you!! The catoblepas misses you.
You have turned to stone.
The catoblepas breathes a plume of calcifying dust at you.
The blast of calcifying dust hits you.
You are engulfed in calcifying dust.
The catoblepas breathes a plume of calcifying dust at you.
The blast of calcifying dust hits you.
You are engulfed in calcifying dust.
The catoblepas gores you.
You are engulfed in calcifying dust.
The catoblepas gores you!!
You are engulfed in calcifying dust.
The catoblepas gores you!
You are engulfed in calcifying dust.
The catoblepas gores you!!
You are engulfed in calcifying dust.
The catoblepas breathes a plume of calcifying dust at you.
The blast of calcifying dust hits you.
The catoblepas breathes a plume of calcifying dust at you.
The blast of calcifying dust hits you.
You are engulfed in calcifying dust.
The catoblepas gores you!
You turn to flesh and can move again.
You slash the catoblepas!
The catoblepas is severely wounded.
You are engulfed in calcifying dust.
You are slowing down.
The catoblepas gores you!!
* * * LOW HITPOINT WARNING * * *
You completely miss the catoblepas.
The catoblepas is severely wounded.
You are engulfed in calcifying dust.
Your limbs have turned to stone.
The yak is no longer petrified.
The catoblepas gores you!
* * * LOW HITPOINT WARNING * * *
The yak completely misses you. The catoblepas gores you!!
You die...

..P.......
#.......# #......#
##......# #
##.......# .####
##.......P###....P.
......§.<...††.†..Y
######P.#YY##..#..#
#####@# ## ###


You could see a catoblepas and a yak.

Vanquished Creatures
  2 hydras
  2 two-headed ogres
  2 boulder beetles
  Pikel (D:7)
  A slime creature (Lair:4)
  3 black mambas
  5 elephants
  2 cane toads (Lair:2)
  A komodo dragon (D:9)
  Psyche (D:8)
  A polar bear (Lair:2)
  5 blink frogs (Lair:2)
  A hornet (D:8)
  A wyvern (D:7)
  A basilisk (Lair:3)
  22 yaks
  3 steam dragons
  Menkaure (D:5)
  6 nagas (Lair:3)
  4 water moccasins
  2 orc warriors
  2 ice beasts
  3 sky beasts
  5 black bears
  3 ogres
  A centaur (D:8)
  A phantom (D:5)
  A kobold brigand (D:9)
  15 bullfrogs
  2 necrophages
  4 scorpions
  8 wights
  6 howler monkeys
  6 killer bees
  An electric eel (Lair:2)
  2 jellies
  5 hounds
  4 orc priests
  5 iguanas
  17 orc wizards
  5 adders
  3 white imps
  An ufetubus (D:5)
  5 worms
  3 dart slugs
  32 orcs
  10 endoplasms
  4 giant cockroaches
  10 goblins
  10 hobgoblins
  A jackal (D:4)
  12 kobolds
  3 quokkas
  11 ball pythons
  9 bats
  3 frilled lizards
  5 rats
  2 butterflies (Lair:1)
287 creatures vanquished.

Vanquished Creatures (others)
  46 fungi
  45 plants
91 creatures vanquished.

Grand Total: 378 creatures vanquished

Notes
Turn   | Place    | Note
-------+----------+-------------------------------------------
     0 | D:1      | avis the Demigod Hunter began the quest for the Orb.
     0 | D:1      | Reached XP level 1. HP: 17/17 MP: 3/3
   209 | D:1      | Reached XP level 2. HP: 24/24 MP: 4/4
   214 | D:1      | Reached skill level 2 in Dodging
   857 | D:1      | Reached XP level 3. HP: 29/29 MP: 5/5
  1132 | D:2      | Reached skill level 3 in Dodging
  1137 | D:2      | Reached skill level 1 in Stealth
  1200 | D:2      | Gained mutation: You are clumsy. (Dex -2) [potion of
                  | mutation]
  1209 | D:2      | Reached XP level 4. HP: 12/36 MP: 6/6
  1313 | D:2      | Lost mutation: You are clumsy. (Dex -2) [potion of
                  | mutation]
  1313 | D:2      | Gained mutation: Armour fits poorly on your strangely
                  | shaped body. [potion of mutation]
  1313 | D:2      | Gained mutation: A frigid envelope surrounds you and
                  | freezes all who hurt you. [potion of mutation]
  1313 | D:2      | Gained mutation: You have a somewhat thin skeletal
                  | structure. (Dex +2, Stealth+) [potion of mutation]
  2103 | D:3      | Reached skill level 5 in Ranged Weapons
  2146 | D:3      | Identified the +1 robe "Ycrelu" {rC++ Int+2}
  2654 | D:4      | Reached XP level 5. HP: 31/41 MP: 7/7
  2985 | D:4      | Reached XP level 6. HP: 18/48 MP: 8/8
  3184 | D:4      | Identified the +0 robe of the Barracuda {rC+}
  3277 | D:4      | Reached skill level 4 in Dodging
  3451 | D:5      | Entered Level 5 of the Dungeon
  3611 | D:5      | Reached skill level 5 in Dodging
  3693 | D:5      | Reached XP level 7. HP: 55/55 MP: 9/9
  3699 | D:5      | Found a runed translucent gate.
  3700 | D:5      | Found a runed translucent gate.
  3701 | D:5      | Found a runed translucent gate.
  3804 | D:5      | Reached skill level 6 in Dodging
  4290 | D:5      | Noticed Menkaure
  4292 | D:5      | Killed Menkaure
  4368 | D:5      | Noticed MrSquiggles's ghost (novice MiMo)
  4639 | D:6      | Reached XP level 8. HP: 63/63 MP: 10/10
  4676 | D:6      | Noticed a two-headed ogre
  4685 | D:6      | Killed a two-headed ogre
  4686 | D:6      | Reached skill level 7 in Dodging
  4886 | D:6      | Reached skill level 8 in Dodging
  5134 | D:6      | Reached XP level 9. HP: 69/69 MP: 11/11
  5254 | D:6      | Found a staircase to the Ecumenical Temple.
  5264 | Temple   | Entered the Ecumenical Temple
  5494 | D:7      | Reached skill level 9 in Dodging
  5709 | D:7      | Identified the ring of the Blind Eye {Fire Drain Str+2
                  | Dex+6}
  5808 | D:7      | Lost mutation: Armour fits poorly on your strangely shaped
                  | body. [potion of mutation]
  5808 | D:7      | Lost mutation: You have a somewhat thin skeletal structure.
                  | (Dex +2, Stealth+) [potion of mutation]
  5808 | D:7      | Lost mutation: A frigid envelope surrounds you and freezes
                  | all who hurt you. [potion of mutation]
  5808 | D:7      | Gained mutation: Potions are less effective at restoring
                  | your health. [potion of mutation]
  5808 | D:7      | Gained mutation: Your natural rate of healing is unusually
                  | fast. [potion of mutation]
  5808 | D:7      | Gained mutation: You are robust. (+10% HP) [potion of
                  | mutation]
  5894 | D:7      | Noticed Pikel
  5907 | D:7      | Killed Pikel
  6203 | D:8      | Noticed Psyche
  6386 | D:7      | Reached skill level 10 in Ranged Weapons
  6593 | D:8      | Killed Psyche
  6594 | D:8      | Reached XP level 10. HP: 78/85 MP: 13/13
  7025 | D:8      | Paralysed by a hornet for 2 turns
  7033 | D:8      | Reached skill level 10 in Dodging
  7544 | D:9      | Noticed a boulder beetle
  7600 | D:9      | Killed a boulder beetle
  7682 | D:9      | Reached skill level 11 in Dodging
  7808 | D:9      | Found a staircase to the Orcish Mines.
  7961 | D:9      | Found a staircase to the Lair.
  8003 | D:9      | Noticed a two-headed ogre
  8019 | D:9      | Killed a two-headed ogre
  8020 | D:9      | Reached skill level 12 in Dodging
  8242 | D:9      | Reached skill level 5 in Fighting
  8630 | Lair:1   | Entered Level 1 of the Lair of Beasts
  8842 | Lair:1   | Got the Encyclopedia of Sandy Mortification
  9306 | Lair:1   | Noticed a black mamba
  9318 | Lair:1   | Killed a black mamba
  9319 | Lair:1   | Reached XP level 11. HP: 35/94 MP: 14/14
 11557 | Lair:3   | Noticed a five-headed hydra
 11565 | Lair:3   | Killed a five-headed hydra
 11791 | Lair:3   | Identified the +1 robe of Impatience {rPois rN+ Int-5}
 11801 | Lair:3   | Noticed a boulder beetle
 11821 | Lair:3   | Killed a boulder beetle
 11962 | Lair:3   | Reached skill level 13 in Dodging
 12006 | Lair:3   | Found a staircase to the Snake Pit.
 12034 | Lair:3   | Found a staircase to the Swamp.
 12180 | Lair:3   | Found a runed translucent door.
 12186 | Lair:3   | Noticed a seven-headed hydra
 12976 | Lair:4   | Noticed an eight-headed hydra
 12986 | Lair:4   | Killed an eight-headed hydra
 13262 | Lair:5   | Entered Level 5 of the Lair of Beasts
 13268 | Lair:5   | Reached skill level 14 in Dodging
 13291 | Lair:4   | Reached XP level 12. HP: 96/103 MP: 15/15
 13416 | Lair:5   | Noticed a catoblepas
 13445 | Lair:5   | Slain by a catoblepas

Illustrated notes

Levels and vault maps discovered:
D:1:      ncdulo_smallfort, layout_loops_corners,
          shapermc_ecumenical_altar_ellora, chequers_garden
D:2:      layout_loops_ring
D:3:      layout_basic
D:4:      layout_cave_pools, minmay_fractal_squares_gapless_5
D:5:      minmay_evil_eye, layout_cave_pods, general_overflow_altar,
          gammafunk_ghost_necromancy, uniq_menkaure
D:6:      layout_basic, grunt_temple_overflow_diamond,
          minmay_temple_entry_poolview
D:7:      layout_rooms, nicolae_elevator_lobby_plus, uniq_pikel
D:8:      layout_rooms, minmay_misc_feat_enclosed, uniq_psyche
D:9:      minmay_flawed_box, layout_stronghold,
          gammafunk_temple_overflow_forgotten,
          mainiacjoe_overflow_small_starburst, due_lair_maze_entry_diamond,
          nzn_sisyphean_effort
Temple:   jpeg_temple_clearing
Lair:1:   layout_layer_cave, lemuel_fruit_fields
Lair:2:   layout_small_grid, infiniplex_staircase_pool
Lair:3:   layout_misc_corridors, swamp_mist,
          minmay_snake_entry_guardpost_medium, pf_torpor_hydra,
          infiniplex_staircase_pool_2, lemuel_fruit_tree
Lair:4:   layout_hall_layers
Lair:5:   gammafunk_lair_ancient_temple, layout_regular_city,
          minmay_slime_entry_pillars

Skill      XL: |  1  2  3  4  5  6  7  8  9 10 11 |
---------------+----------------------------------+-----
Fighting       | 2 3 4 5 |  5.0
Ranged Weapons | 4 5 6 7 8 10 12 | 12.0
Dodging        | 2 3 5 6 8 9 12 14 | 14.3
Stealth        | 1 2 |  2.0

Action                     |  1- 3 |  4- 6 |  7- 9 | 10-12 || total
---------------------------+-------+-------+-------+-------++-------
  Melee: Short sword       |     3 |       |    13 |    21 ||    37
         Scimitar          |       |       |       |    13 ||    13
   Fire: Shortbow          |   101 |   177 |       |       ||   278
         Sling             |       |     5 |   249 |   563 ||   817
    Use: Potion            |     4 |     1 |     2 |     2 ||     9
         Scroll            |       |       |     6 |     8 ||    14
 Armour: Leather armour    |    10 |       |       |       ||    10
         Robe              |       |     3 |     7 |    20 ||    30
  Dodge: Dodged            |    33 |    60 |   127 |   241 ||   461

Table legend: (Time is in decaauts)
 A = Elapsed time spent in this place.
 B = Non-inter-level travel time spent in this place.
 C = Inter-level travel time spent in this place.
 D = Time resting spent in this place.
 E = Time spent auto-exploring this place.
 F = Levels seen in this place.
 G = Mean time per level.
                   A        B        C        D        E       F      G
               +--------+--------+--------+--------+--------+-----+--------+
         Total |  13454 |  11653 |   1801 |   1127 |   7453 |  15 |  896.9 |
       Dungeon |   8841 |   7656 |   1185 |    954 |   4479 |   9 |  982.3 |
        Temple |     46 |     43 |      3 |      0 |      0 |   1 |   46.0 |
          Lair |   4566 |   3954 |    612 |    172 |   2974 |   5 |  913.2 |
               +--------+--------+--------+--------+--------+-----+--------+

Top non-repeatable levels by time:
  Lair:1: 1622 daAuts
  Lair:2: 1403 daAuts
     D:9: 1283 daAuts
     D:1: 1156 daAuts
     D:6: 1148 daAuts
     D:5: 1086 daAuts
     D:7: 931 daAuts
     D:4: 887 daAuts
     D:8: 809 daAuts
     D:2: 788 daAuts
     D:3: 749 daAuts
  Lair:4: 730 daAuts
  Lair:3: 716 daAuts
  Lair:5: 94 daAuts
  Temple: 46 daAuts
